 Dungeon Crawl Stone Soup version 0.17-a0-1545-gc1bb672 (webtiles) character file.

373 Lathuz the Cudgeler (level 6, -12/40 HPs)
             Began as a Gargoyle Fighter on July 18, 2015.
             Was an Initiate of Okawaru.
             Killed by nerve-wracking pain
             ... invoked by Menkaure
              (14 damage)
             ... on level 4 of the Dungeon.
             The game lasted 00:09:27 (3390 turns).

Lathuz the Cudgeler (Gargoyle Fighter)              Turns: 3390, Time: 00:09:27

Health: -12/40     AC: 14    Str: 25    XL:     6   Next: 71%
Magic:  6/6        EV:  5    Int:  8    God:    Okawaru [......]
Gold:   101        SH: 10    Dex: 11    Spells: 0 memorised, 5 levels left

rFire  . . .     SeeInvis .     a - +0 flail
rCold  . . .     Clarity  .     h - +0 chain mail
rNeg   + . .     SustAt   .     c - +1 shield
rPois  ∞         Gourm    .     (no helmet)
rElec  +         Spirit   .     g - +0 cloak
rCorr  +         Warding  .     (no gloves)
rMut   .         Stasis   .     (no boots)
MR     .....                    r - amulet of resist corrosion
Stlth  ..........               (no ring)
                                (no ring)

@: mighty, not resistant to hostile enchantments, extremely unstealthy
A: negative energy resistance 1, electricity resistance, unbreathing,
petrification resistance, rot immunity, AC +4
a: Renounce Religion


You were on level 4 of the Dungeon.
You worshipped Okawaru.
Okawaru was noncommittal.
You were not hungry.

You visited 2 branches of the dungeon, and saw 5 of its levels.

You collected 101 gold pieces.

Inventory:

Hand weapons
 a - a +0 flail (weapon)
 s - a +0 dire flail
Missiles
 j - 71 stones (quivered)
Armour
 b - a +0 scale mail
 c - a +1 shield (worn)
 g - a +0 cloak (worn)
 h - a +0 chain mail (worn)
Jewellery
 r - an amulet of resist corrosion (around neck)
 z - an uncursed ring of poison resistance
Scrolls
 f - 3 scrolls of identify
 k - 2 scrolls of remove curse
Potions
 e - a potion of flight {unknown}
 i - a potion of agility {unknown}
 l - a potion of curing {unknown}
 n - a potion of heal wounds {unknown}
 t - a potion of poison {unknown}
 u - 2 potions of magic {unknown}
 v - a potion of lignification {unknown}
Comestibles
 m - 4 fruits
 o - 2 meat rations
 x - a beef jerky
 A - a bread ration


   Skills:
 + Level 5.1 Fighting
 * Level 5.9 Maces & Flails
 - Level 3.2 Armour
 - Level 3.2 Shields


You had 5 spell levels left.
You didn't know any spells.

Dungeon Overview and Level Annotations

Branches:
Dungeon (4/15)             Temple (1/1) D:4

Altars:
Ashenzari
Dithmenos
Elyvilon
Fedhas
Kikubaaqudgha
Makhleb
Nemelex Xobeh
Okawaru
Qazlal
Ru
Sif Muna
Trog
Vehumet
Xom
Yredelemnul
Zin
The Shining One

Annotations:
D:4 Menkaure, Pikel


Innate Abilities, Weirdness & Mutations

You are resistant to torment.
Your stone body is resilient (AC +4).
You are immune to poison.
You resist negative energy.
You are resistant to electric shocks.
You can survive without breathing.
You are immune to petrification.
You are immune to rotting.


Message History

You are too injured to fight recklessly!
You are too injured to fight recklessly!
You are too injured to fight recklessly!
You are too injured to fight recklessly!
You hit the slave.
The slave is almost dead.
The slave hits you but does no damage.
You hit the slave.
The slave is almost dead.
The slave hits you but does no damage.
You completely miss the slave.
The slave is almost dead.
The slave hits you.
* * * LOW HITPOINT WARNING * * *
You bludgeon the slave!!
You kill the slave!
That felt strangely unrewarding.
Menkaure gestures at you while chanting.
Pain shoots through your body!
You die...

+....+....'.+...'....
#....###.##+#...#....
#...####.#....###.#.#
+...#.'..+....#......
#...'.#..#....+...#.. #+
###...#.##.#....#......
#..##...###+##.#...##...#..
....'...'...+..+ +.......
#)###...##@###.# ##.#.#..
##...#[###+# #.#....
+...'M.+ #..[#.# #...#'##
+...... ###....# #......
..'............#+##'##
#'##p...........#.##.## ..
(............+......
..............#######


You could see Menkaure.

Vanquished Creatures
  A human (D:3)
  4 slaves (D:4)
  The ghost of Duffy the Caller, a weakling NaSu (D:4)
  A hound (D:4)
  A worker ant (D:4)
  3 gnolls (D:3)
  4 adders
  2 oozes
  3 worms
  4 giant geckos
  2 orcs
  13 bats
  4 giant cockroaches
  9 goblins
  4 hobgoblins
  14 kobolds
  4 ball pythons
  2 giant newts
  A goblin skeleton (D:3)
  A jackal zombie (D:3)
  A kobold skeleton (D:3)
  6 rats
85 creatures vanquished.

Notes
Turn   | Place    | Note
--------------------------------------------------------------
     0 | D:1      | Lathuz the Gargoyle Fighter began the quest for the Orb.
     0 | D:1      | Reached XP level 1. HP: 14/14 MP: 1/1
   345 | D:1      | Reached XP level 2. HP: 19/19 MP: 2/2
  1119 | D:2      | Reached XP level 3. HP: 23/23 MP: 3/3
  1356 | D:2      | Reached XP level 4. HP: 20/29 MP: 4/4
  1590 | D:2      | Reached skill level 4 in Maces & Flails
  1602 | D:2      | Found a basalt altar of Yredelemnul.
  1877 | D:3      | Noticed a human
  1878 | D:3      | Found a runed door.
  1883 | D:3      | Found a basalt altar of Yredelemnul.
  1919 | D:3      | Killed a human
  1919 | D:3      | Reached skill level 5 in Maces & Flails
  1919 | D:3      | Reached XP level 5. HP: 21/34 MP: 5/5
  2308 | D:3      | Found a deep blue altar of Sif Muna.
  2363 | D:3      | Reached XP level 6. HP: 39/39 MP: 6/6
  2619 | D:3      | Found a glowing silver altar of Zin.
  2623 | D:3      | Found a shimmering altar of Xom.
  2632 | D:3      | Found a sparkling altar of Nemelex Xobeh.
  2644 | D:3      | Found a burning altar of Makhleb.
  2691 | D:3      | Found an iron altar of Okawaru.
  2761 | D:3      | Became a worshipper of Warmaster Okawaru
  2997 | D:4      | Found a staircase to the Ecumenical Temple.
  3121 | Temple   | Entered the Ecumenical Temple
  3314 | D:4      | Noticed Duffy's ghost (weakling NaSu)
  3324 | D:4      | Killed Duffy's ghost
  3324 | D:4      | Reached skill level 5 in Fighting
  3357 | D:4      | Noticed Pikel
  3376 | D:4      | Noticed Menkaure
  3385 | D:4      | HP: 2/40 [Menkaure/nerve-wracking pain (12)]
  3390 | D:4      | Killed from afar by Menkaure

Vault maps used:
D:1:      saegor_arrival_simple_f, st_stairs_6, nrook_mini_backslash,
          minivault_11
D:2:      lemuel_doored_altar
D:3:      led_sif_book, minmay_overflow_temple_star_hex, dk_yredelemnul_ordeal
D:4:      minmay_temple_entry_glass, first_bread, uniq_menkaure, uniq_grinder,
          uniq_pikel
Temple:   roderic_octagonal_lattice_temple

Action                   |  1- 3 |  4- 6 || total
-------------------------+-------+-------++-------
Melee: Flail             |   132 |   186 ||   318
Throw: Stone             |    19 |    17 ||    36
  Use: Scroll            |       |     8 ||     8
       Potion            |       |     1 ||     1
  Eat: Chunk             |     1 |     3 ||     4
       Bread ration      |     1 |       ||     1
